 Dungeon Sprint DCSS version 0.21-a0-434-g806c6c2 (webtiles) character file.

149 theanonym the Cleaver (level 5, -1/57 HPs)
             Began as a Gargoyle Fighter on Nov 9, 2017.
             Was a Priest of Makhleb.
             Slain by Xauhoc the pandemonium lord (8 damage)
             ... in the Dungeon (Sprint V: "Ziggurat Sprint").
             The game lasted 00:02:42 (112 turns).

theanonym the Cleaver (Gargoyle Fighter)             Turns: 112, Time: 00:02:43

Health: -1/57      AC: 23    Str: 38    XL:     5   Next: 31%
Magic:  5/5        EV:  4    Int:  8    God:    Makhleb [***...]
Gold:   0          SH: 30    Dex: 14    Spells: 4/4 levels left

rFire    + . .     SeeInvis +   H - +14 obsidian axe {chop, +Fly SInv *Curse} (curse)
rCold    + . .     Gourm    .   J - +18 shield of the Gong {rElec rN+ MR+ EV-5}
rNeg     + + .     Faith    .   g - +5 gold dragon scales
rPois    ∞         Spirit   .   (no helmet)
rElec    +         Reflect  .   (no cloak)
rCorr    .         Harm     .   (no gloves)
MR       +....     NoTele   +   (no boots)
Stlth    ..........             (no amulet)
HPRegen  0.19/turn              E - +6 ring of strength
MPRegen  0.09/turn              F - +6 ring of strength

@: mighty, agile, berserking, mesmerised, hasted, very quick
A: negative energy resistance 1, electricity resistance, unbreathing,
petrification resistance, rot immunity, AC +4
a: Minor Destruction, Lesser Servant of Makhleb, Renounce Religion, Evoke Flight


Innate Abilities, Weirdness & Mutations

You are resistant to torment.
Your stone body is resilient. (AC +4)
You are immune to poison.
You resist negative energy. (rN+)
You are resistant to electric shocks. (rElec)
You can survive without breathing.
You are immune to petrification.
You are immune to rotting.


   Skills:
 + Level 7.4 Fighting
 * Level 8.0 Axes
 - Level 4.9 Armour
 - Level 4.9 Shields


You had 4 spell levels left.
You didn't know any spells.

Skill      XL: |  1  2  3  4  5 |
---------------+----------------+-----
Fighting       | 4 5 6 7 |  7.4
Axes           | 4 5 6 7 8 |  8.0
Armour         | 4 |  4.9
Shields        | 4 |  4.9

Action                   |  1- 3 |  4- 6 || total
-------------------------+-------+-------++-------
Melee: Broad axe         |     3 |     9 ||    12
  Use: Potion            |     2 |     3 ||     5
Armor: Gold dragon scale |     2 |     2 ||     4
Dodge: Dodged            |       |     1 ||     1
Block: Shield            |     3 |    16 ||    19

Inventory:

Hand Weapons
 a - a +0 war axe
 G - the +9 heavy crossbow "Sniper" {velocity, Acc+∞ SInv}
   (You found it in the Dungeon)

   Any bolt fired from it inflicts extra damage.
   It lets you see invisible.
 H - the cursed +14 obsidian axe (weapon) {chop, +Fly SInv *Curse}
   (You found it in the Dungeon)

   It inflicts extra damage upon your enemies.
   It lets you see invisible.
   It lets you fly.
   It curses itself when equipped.
   It has a curse placed upon it.
Missiles
 K - 1000 bolts
Armour
 c - a +0 shield
 g - +5 gold dragon scales (worn)
   (You found it in the Dungeon)
 k - a +0 scale mail
 I - the +15 Maxwell's patent armour {-Cast -Tele rElec MR+ rCorr}
   (You found it in the Dungeon)

   It insulates you from electricity.
   It affects your resistance to hostile enchantments.
   It prevents spellcasting.
   It prevents most forms of teleportation.
   It protects you from acid and corrosion.
 J - the +18 shield of the Gong (worn) {rElec rN+ MR+ EV-5}
   (You found it in the Dungeon)

   It affects your evasion (-5).
   It insulates you from electricity.
   It protects you from negative energy.
   It affects your resistance to hostile enchantments.
Jewellery
 n - an uncursed ring of protection from magic {MR+}
   (You found it in the Dungeon)
 E - a +6 ring of strength (left hand)
   (You found it in the Dungeon)
 F - a +6 ring of strength (right hand)
   (You found it in the Dungeon)
Wands
 y - a wand of acid (5/15)
   (You found it in the Dungeon)
 B - a wand of disintegration (7/24)
   (You found it in the Dungeon)
 C - a wand of iceblast (5/15)
   (You found it in the Dungeon)
 D - a wand of lightning (5/15)
   (You found it in the Dungeon)
Scrolls
 b - 4 scrolls of blinking
 f - 7 scrolls of fog {!r}
 r - 5 scrolls of identify
 s - 2 scrolls of fear {!r}
 u - a scroll of holy word
 v - 4 scrolls of amnesia
 w - 3 scrolls of recharging
 x - 5 scrolls of remove curse
Potions
 d - 5 potions of might
 e - 10 potions of curing
 h - 5 potions of haste
 i - 7 potions of magic
 j - 2 potions of berserk rage
 l - 4 potions of agility
 m - 2 potions of brilliance
 o - 2 potions of invisibility
 p - 4 potions of resistance
 q - 10 potions of heal wounds
Comestibles
 t - 5 bread rations
 z - 42 fruits
 A - 4 meat rations

Dungeon Overview and Level Annotations

Branches:
Dungeon (1/1)

Altars:
Ashenzari
Cheibriados
Dithmenos
Elyvilon
Fedhas
Gozag
Hepliaklqana
Kikubaaqudgha
Makhleb
Nemelex Xobeh
Okawaru
Qazlal
Ru
Sif Muna
Trog
Uskayaw
Vehumet
Wu Jian
Xom
Yredelemnul
Zin
The Shining One
Beogh
Jiyva
Lugonu

Annotations:
D 1 transporter You were in the Dungeon. You worshipped Makhleb. Makhleb was most pleased with you. You were not hungry. You visited 1 branch


Message History

You feel better.
You slice the adder!!
You kill the adder!
Makhleb accepts your kill.
Health restored: 32 No target in view!
No target in view!
No target in view!
No target in view!
No target in view!
You see here an adder corpse.
You see here a book of Changes.
You see here the -5 helmet "Qiafuc" {*Drain rPois rF- rN+++}.
You see here an uncursed ring of protection from magic {MR+}.
n - an uncursed ring of protection from magic {MR+}
There is a transporter here.
Welcome to arena 4.
You enter the transporter and appear at another place.
A crimson imp, an ufetubus, an iron imp and a pandemonium lord come into view.
Visions of slaying the iron imp flood into your mind.
The ufetubus shouts!
Xauhoc croaks, "Thy faith shall be my dinner!"
The crimson imp shouts!
The iron imp shouts!
The crimson imp picks up a +4 whip of distortion.
The crimson imp wields a +4 whip of distortion.
Its appearance distorts for a moment.
Found three items.
Found a transporter.
You feel yourself speed up.
Visions of slaying Xauhoc flood into your mind.
Okay, then.
The crimson imp shouts, "Escape, thou erky fly-bitten bootlicker!"
Visions of slaying the crimson imp flood into your mind.
You block Xauhoc's attack.
SHROANNG!
You block the ufetubus's attack.
PTOANNNG!
The ufetubus barely misses you.
You miss Xauhoc.
Your gold dragon scales prevents you from hitting the crimson imp.
Your shield and gold dragon scales prevent you from hitting the ufetubus.
Visions of slaying the ufetubus flood into your mind.
You block Xauhoc's attack.
SHROANNG!
The ufetubus hits you but does no damage.
You block the ufetubus's attack.
BOUMMMMG!
You block the crimson imp's attack.
BOUMMMMG!
Xauhoc hits you!
You take 14 damage, and have 18/32 hp.
MASSIVE DAMAGE!!
You slash Xauhoc! You slash the crimson imp!
You kill the crimson imp!
Makhleb accepts your kill.
You can now summon a lesser servant of Makhleb.
You feel better.
Your Axes skill increases to level 7!
You have reached level 5!
You slice the ufetubus!!
You are no longer entranced.
You kill the ufetubus!
Makhleb accepts your kill.
Your Fighting skill increases to level 7!
Visions of slaying Xauhoc flood into your mind.
Xauhoc hits you!
* * * LOW HITPOINT WARNING * * *
You take 9 damage, and have 9/38 hp.
MASSIVE DAMAGE!!
MP restored: 5 Unknown command.
Unknown command.
Unknown command.
Unknown command.
Your gold dragon scales prevents you from hitting Xauhoc.
You slash the iron imp! You block Xauhoc's attack.
GONNNNG!
You block the iron imp's attack.
SHROANNG!
You block Xauhoc's attack.
SHROANNG!
You slice the iron imp!!
You kill the iron imp!
Makhleb accepts your kill.
You feel better.
Your Axes skill increases to level 8!
You hit Xauhoc. You block Xauhoc's attack.
BONNNG!
You regained 3 hp, and now have 12/38 hp.
You slice Xauhoc!! You block Xauhoc's attack.
BOUMMMMG!
Okay, then.
A red film seems to cover your vision as you go berserk!
You feel yourself moving faster!
You feel mighty! Xauhoc hits you!
* * * LOW HITPOINT WARNING * * *
You now have 7/57 hp.
You slash Xauhoc!
Xauhoc sneers, "Take thy face hence whilst thy luck holds!"
You block Xauhoc's attack.
GONNNNG!
You hit Xauhoc but do no damage. You block Xauhoc's attack.
GONNNNG!
Xauhoc hits you!
You die...

▓.††..▓.....▓.....▓
▓.....▓.....▓..©..▓
▓..©..▓..©..▓▓▓▓▓▓▓
▓▓▓▓▓▓▓▓▓▓▓▓▓▓
▓..8©8...▓
▓..?)....▓
▓...!....▓
▓...&)...▓
▓...@....▓
▓........▓
▓...©....▓
▓▓▓▓▓▓▓▓▓▓


You could see Xauhoc.

Notes
Turn   | Place    | Note
-------+----------+-------------------------------------------
     0 | D        | Found the +6 Majin-Bo {vamp, Archmagi MP+6 Int+6}
     0 | D        | Found the +7 great mace "Firestarter" {inner flame, rF++}
     0 | D        | theanonym the Gargoyle Fighter began the quest for the Orb.
     0 | D        | Reached XP level 1. HP: 14/14 MP: 1/1
     3 | D        | Found a blossoming altar of Fedhas.
     6 | D        | Found a deep blue altar of Sif Muna.
     6 | D        | Found a sacrificial altar of Ru.
     6 | D        | Found a bloodstained altar of Trog.
     6 | D        | Found a stormy altar of Qazlal.
     6 | D        | Found an iron altar of Okawaru.
     6 | D        | Found a sparkling altar of Nemelex Xobeh.
     8 | D        | Found a transporter.
     8 | D        | Found an ancient bone altar of Kikubaaqudgha.
     8 | D        | Found a viscous altar of Jiyva.
     8 | D        | Found a corrupted altar of Lugonu.
     8 | D        | Found a hazy altar of Hepliaklqana.
     8 | D        | Found a burning altar of Makhleb.
     8 | D        | Found an opulent altar of Gozag.
    27 | D        | Found the +9 heavy crossbow "Sniper" {velocity, Acc+∞ SInv}
    27 | D        | Found the +10 dark maul {crush}
    27 | D        | Found the +15 Maxwell's patent armour {-Cast -Tele rElec MR+ rCorr}
    27 | D        | Found the +18 shield of the Gong {rElec rN+ MR+ EV-5}
    27 | D        | Found the cursed +14 obsidian axe {chop, +Fly SInv *Curse}
    50 | D        | Found the +6 shillelagh "Devastator" {shatter}
    50 | D        | Found the +11 plutonium sword {*Contam Stlth-}
    50 | D        | Found the +8 lance "Wyrmbane" {slay drac, rPois rF+ rC+ AC+3}
    50 | D        | Found the +9 sword of Zonguldrok {reap}
    50 | D        | Found the cursed +13 scythe of Curses {drain, *Curse}
    50 | D        | Found the +0 sword of Power
    50 | D        | Found the +14 mace of Variability {chaos}
    50 | D        | Found the +7 Singing Sword
    50 | D        | Found the +7 longbow "Piercer" {penet, EV-2}
    54 | D        | Became a worshipper of Makhleb the Destroyer
    70 | D        | Reached skill level 4 in Fighting
    70 | D        | Reached skill level 4 in Axes
    70 | D        | Reached skill level 4 in Armour
    70 | D        | Reached skill level 4 in Shields
    70 | D        | Reached XP level 2. HP: 20/20 MP: 2/2
    73 | D        | Entered arena 2.
    73 | D        | Found a transporter.
    75 | D        | Reached skill level 5 in Fighting
    75 | D        | Reached skill level 5 in Axes
    80 | D        | Entered arena 3.
    80 | D        | Found a transporter.
    82 | D        | Reached * piety under Makhleb
    83 | D        | Reached XP level 3. HP: 26/26 MP: 3/3
    83 | D        | Reached ** piety under Makhleb
    83 | D        | Reached skill level 6 in Fighting
    83 | D        | Reached skill level 6 in Axes
    83 | D        | Reached XP level 4. HP: 32/32 MP: 4/4
    90 | D        | Entered arena 4.
    90 | D        | Found a transporter.
   101 | D        | Entered arena 5.
   101 | D        | Noticed Xauhoc the pandemonium lord
   101 | D        | Found a transporter.
   106 | D        | Reached *** piety under Makhleb
   106 | D        | Reached skill level 7 in Axes
   106 | D        | Reached XP level 5. HP: 24/37 MP: 5/5
   106 | D        | Reached skill level 7 in Fighting
   106 | D        | HP: 9/38 [Xauhoc the pandemonium lord (16)]
   108 | D        | Reached skill level 8 in Axes
   112 | D        | Slain by Xauhoc the pandemonium lord

Vanquished Creatures
  A crimson imp (D)
  2 iron imps (D)
  2 adders (D)
  A shadow imp (D)
  2 white imps (D)
  An ufetubus (D)
  2 ball pythons (D)
  A bat zombie (D)
12 creatures vanquished.
